AoeStats
← vgutierrez

Arabia

508146141Analyzed
1v1 RM · 12d ago on Sep 21, 2026· 51m 6s· 2 players
Game mode
Random Map
Map size
Tiny (2 player)
Population
200
Speed
Normal
Resources
Standard
Victory
Conquest
Starting age
Dark Age
Ending age
Imperial Age
RankedLock teamsTeams togetherTeam positionsShared explorationLock speedFull tech treeHidden civsTurbo modeCheats
Victory
Defeat
🇺🇾 Italians · Uruguay
641
+14
🇦🇷 Cumans · Argentina
588
-14
osogm
2:40 Loom
12:16 Feudal Age
13:16 Horse Collar
16:27 Bloodlines
29:00 Castle Age
29:21 Double-Bit Axe
29:30 Gold Mining
32:03 Elite Skirmisher
33:52 Forging
33:32 Fletching
33:26 Pikeman
39:11 Light Cavalry
42:23 Heated Shot
46:43 Imperial Age
51:01 Chemistry
vgutierrez
11:17 Feudal Age
12:44 Double-Bit Axe
12:47 Horse Collar
15:34 Wheelbarrow
15:44 Gold Mining
18:56 Forging
23:48 Castle Age
22:38 Stone Mining
27:58 Bow Saw
28:28 Heavy Plow
30:04 Pikeman
35:55 Hand Cart
37:54 Iron Casting
42:01 Imperial Age
42:20 Scale Mail Armor
43:37 Cavalier
46:14 Chemistry
46:41 Scale Barding Armor
Connection lost

Rejoining the realm…

Still unreachable

The connection could not be restored.

Session expired

The server has moved on; the page needs a fresh start.